AoeStats
← juniorpocoyo60

Arena

509855542Analyzed
1v1 RM · 5d ago on Sep 28, 2026· 38m 12s· 2 players
Game mode
Random Map
Map size
Tiny (2 player)
Population
200
Speed
Normal
Resources
Standard
Victory
Conquest
Starting age
Dark Age
Ending age
Imperial Age
RankedLock teamsTeams togetherTeam positionsShared explorationLock speedFull tech treeHidden civsTurbo modeCheats
Victory
Defeat
🇦🇺 Romans · Australia
854
+17
🇪🇸 Romans · Spain
866
-17
Tower
7:10 Loom
10:19 Feudal Age
11:45 Wheelbarrow
10:57 Double-Bit Axe
10:54 Horse Collar
16:56 Man-at-Arms
19:55 Castle Age
19:34 Gold Mining
19:34 Stone Mining
19:59 Forging
19:50 Scale Mail Armor
21:55 Hand Cart
29:00 Bow Saw
28:52 Heavy Plow
28:44 Fletching
31:52 Murder Holes
32:18 Ballistics
34:00 Ballistas
juniorpocoyo60
10:29 Feudal Age
14:28 Wheelbarrow
16:40 Castle Age
18:31 Man-at-Arms
19:28 Scale Mail Armor
19:25 Horse Collar
21:11 Squires
22:11 Long Swordsman
23:23 Heavy Plow
23:54 Chain Mail Armor
26:13 Forging
33:28 Gold Mining
33:26 Double-Bit Axe
34:53 Hand Cart
34:55 Scale Barding Armor
35:35 Iron Casting
37:59 Chain Barding Armor
Connection lost

Rejoining the realm…

Still unreachable

The connection could not be restored.

Session expired

The server has moved on; the page needs a fresh start.